[Event "ICC tourney 1954 (60 10)"]
[Site "Internet Chess Club"]
[Date "2020.08.09"]
[Round "9"]
[White "ElaineFan"]
[Black "Jeffchess"]
[Result "1-0"]
[ICCResult "Black resigns"]
[WhiteElo "1204"]
[BlackElo "1351"]
[Opening "Caro-Kann defense"]
[ECO "B10"]
[NIC "CK.01"]
[Time "18:49:14"]
[TimeControl "3600+10"]

1. e4 c6 2. Nf3 a5 3. d4 a4 4. a3 d6 5. Bc4 b5 6. Ba2 h6 7. c4 Ba6 8. cxb5
Bxb5 9. Nc3 Na6 10. Nxa4 e6 11. Nc3 Rb8 12. Nxb5 cxb5 13. O-O Ne7 14. Bd2 d5
15. exd5 Nxd5 16. Ne5 Rc8 17. Qf3 Nf6 18. Qb7 Nc7 19. Ba5 Bd6 20. Bxc7 Bxc7
21. Qxb5+ Nd7 22. Qxd7+ Qxd7 23. Nxd7 Kxd7 24. Rac1 f6 25. Rfe1 e5 26. dxe5
Bxe5 27. Rxc8 Rxc8 28. f4 Bxb2 29. Be6+ Kc7 30. Bxc8 Kxc8 31. a4 Kd7 32. Rb1
Bd4+ 33. Kf1 Ke6 34. a5 Kf5 35. g3 g5 36. fxg5 hxg5 37. a6 Ba7 38. Rb7 Bd4
39. a7 Bxa7 40. Rxa7 Kg4 41. Kg2 f5 42. Ra4+ Kh5 43. Kf3 Kg6 44. h4 gxh4 45.
gxh4 Kh5 46. Rf4 Kg6 47. h5+ Kg5 48. h6 Kg6 49. h7 Kxh7 50. Rxf5 Kg6 51. Ra5
Kf6 52. Ke4 Ke6 53. Ra6+ Kd7 54. Kd5 Ke7 55. Rb6 Kf7 56. Ke5 Kf8 57. Rb7 Ke8
58. Kd6 Kf8 59. Ke6 Kg8 60. Kf6 Kh8 61. Kg6 {Black resigns} 1-0

[Event "ICC tourney 1954 (60 10)"]
[Site "Internet Chess Club"]
[Date "2020.08.09"]
[Round "9"]
[White "stepke"]
[Black "GreSci"]
[Result "0-1"]
[ICCResult "White resigns"]
[WhiteElo "1299"]
[BlackElo "1135"]
[Opening "QGD: 4.Bg5"]
[ECO "D50"]
[NIC "QO.16"]
[Time "18:49:24"]
[TimeControl "3600+10"]

1. d4 Nf6 2. c4 e6 3. Nc3 d5 4. Bg5 Bb4 5. a3 Bxc3+ 6. bxc3 h6 7. Bh4 dxc4
8. e3 b5 9. Qf3 Qd5 10. Bxf6 Qxf3 11. Nxf3 gxf6 12. g3 Bb7 13. Bg2 Nd7 14.
O-O c5 15. Rab1 a6 16. a4 Bc6 17. Nd2 Bxg2 18. Kxg2 Rb8 19. axb5 axb5 20.
Rb2 Ke7 21. Rfb1 b4 22. Nxc4 bxc3 23. Rxb8 Rxb8 24. Rxb8 Nxb8 25. Na3 Nc6
{White resigns}
0-1

[Event "ICC tourney 1954 (60 10)"]
[Site "Internet Chess Club"]
[Date "2020.08.09"]
[Round "9"]
[White "Vidipkona"]
[Black "SoaringHawk24"]
[Result "1-0"]
[ICCResult "Black checkmated"]
[WhiteElo "1274"]
[BlackElo "1277"]
[Opening "Ruy Lopez: closed defense"]
[ECO "C84"]
[NIC "RL.13"]
[Time "18:49:29"]
[TimeControl "3600+10"]

1. e4 e5 2. Nf3 Nc6 3. Bb5 a6 4. Ba4 Nf6 5. O-O Be7 6. d3 b5 7. Bb3 O-O 8.
Nbd2 d6 9. c3 Bg4 10. Re1 Nh5 11. Bd5 Qd7 12. Bxc6 Qxc6 13. Nxe5 dxe5 14.
Qxg4 Nf4 15. Qf3 b4 16. Nc4 Ng6 17. Bd2 bxc3 18. Bxc3 Bf6 19. Rad1 Rad8 20.
b3 Qc5 21. Qe3 Qxe3 22. Rxe3 Rd7 23. g3 Rfd8 24. h4 h5 25. Kf1 Re8 26. Ke2
Kh7 27. Rf3 Kh6 28. Rf5 Ne7 29. Rxe5 Bxe5 30. Nxe5 Nd5 31. Bd2+ Kh7 32. Nxd7
Re7 33. Nc5 Nb6 34. d4 f5 35. e5 Nd5 36. Nd3 g6 37. Be1 Kg8 38. Nf4 Nxf4+
39. gxf4 Kf7 40. d5 Ke8 41. e6 Kf8 42. Bb4 Ke8 43. Bxe7 Kxe7 44. Ke3 Kd6 45.
Kd4 Ke7 46. Ke5 a5 47. d6+ cxd6+ 48. Rxd6 Ke8 49. Kf6 a4 50. bxa4 g5 51.
fxg5 f4 52. a5 f3 53. a6 Kf8 54. Rd8# {Black checkmated} 1-0

[Event "ICC tourney 1954 (60 10)"]
[Site "Internet Chess Club"]
[Date "2020.08.09"]
[Round "9"]
[White "Alberttheshow"]
[Black "KCchess"]
[Result "1-0"]
[ICCResult "Black checkmated"]
[WhiteElo "562"]
[BlackElo "442"]
[Opening "Damiano's defense"]
[ECO "C40"]
[NIC "KP.10"]
[Time "18:49:02"]
[TimeControl "3600+10"]

1. e4 e5 2. Nf3 f6 3. d4 d6 4. Nc3 c6 5. Bc4 Ne7 6. Be3 b5 7. Bb3 a5 8. a4
b4 9. Ne2 Ba6 10. O-O Nd7 11. Re1 Nb6 12. c3 Bc4 13. cxb4 Bxb3 14. Qxb3 axb4
15. Qxb4 Nxa4 16. Rxa4 Rxa4 17. Qxa4 g5 18. h3 h5 19. Nh2 Bg7 20. d5 O-O 21.
dxc6 Qc7 22. Qa7 Qxa7 23. Bxa7 Nxc6 24. Be3 Rb8 25. Rc1 Nb4 26. Rb1 Nc2 27.
Ba7 Rb7 28. Be3 Nxe3 29. fxe3 Rb4 30. Ng3 h4 31. Nf5 Rxe4 32. Nxd6 Rxe3 33.
Ng4 Rb3 34. Kf2 Kf8 35. Nf5 e4 36. Ke2 Rb5 37. Nd6 f5 38. Nxb5 fxg4 39. hxg4
Be5 40. Ke3 Bg3 41. Kxe4 Bf4 42. Kf5 Kf7 43. Rd1 Ke7 44. Nc3 Ke8 45. Ne2 Be3
46. Ke4 Bf4 47. Nxf4 gxf4 48. Kxf4 Kf7 49. g5 Kg6 50. Rd6+ Kh5 51. g6 h3 52.
gxh3 Kh4 53. g7 Kxh3 54. g8=Q Kh2 55. Rh6# {Black checkmated} 1-0

[Event "ICC tourney 1954 (60 10)"]
[Site "Internet Chess Club"]
[Date "2020.08.09"]
[Round "9"]
[White "Leifpaulson"]
[Black "wonderwoman"]
[Result "0-1"]
[ICCResult "White checkmated"]
[WhiteElo "944"]
[BlackElo "1318"]
[Opening "Queen's pawn: London system"]
[ECO "A45"]
[NIC "QP.07"]
[Time "18:49:11"]
[TimeControl "3600+10"]

1. d4 Nf6 2. Bf4 b6 3. Nf3 Bb7 4. e3 g6 5. Nbd2 Bg7 6. Bc4 O-O 7. O-O d5 8.
Bd3 Nbd7 9. Re1 c5 10. c4 Rc8 11. e4 cxd4 12. Nxd4 Nh5 13. Be3 Ne5 14. Bc2
dxe4 15. Bxe4 Bxe4 16. Nxe4 Nxc4 17. b3 Nxe3 18. fxe3 f5 19. Ne6 Qxd1 20.
Raxd1 Rf7 21. N4g5 Rf6 22. Rd7 Bh6 23. Red1 Rxe6 24. Rd8+ Rxd8 25. Rxd8+ Kg7
26. Nxe6+ Kf6 27. Nf4 Ng7 28. Rh8 e5 29. Rxh7 Bxf4 30. exf4 e4 31. Kf2 Ne6
32. Ke3 Nc5 33. Rxa7 Nd3 34. Ra6 Ne1 35. Rxb6+ Kg7 36. Rb7+ Kh6 37. Ke2 Nxg2
38. Rb8 Nxf4+ 39. Kf2 Kg5 40. a4 Kg4 41. Rh8 Nd5 42. h3+ Kf4 43. Rh4+ Ke5
44. a5 g5 45. Rh5 Kf4 46. a6 e3+ 47. Ke2 Nc3+ 48. Kd3 e2 49. Kxc3 e1=Q+ 50.
Kd4 Qd1+ 51. Kc5 Qxh5 52. a7 Qe8 53. Kb6 Qa8 54. b4 Kg3 55. b5 f4 56. Ka6 f3
57. b6 f2 58. b7 f1=Q+ 59. Kb6 Qb1+ 60. Kc7 Qaxb7+ 61. Kd8 Q1h7 62. Ke8 Qa8#
{White checkmated}
0-1

[Event "ICC tourney 1954 (60 10)"]
[Site "Internet Chess Club"]
[Date "2020.08.09"]
[Round "9"]
[White "wulovechess"]
[Black "thegoldenfrog"]
[Result "0-1"]
[ICCResult "White resigns"]
[WhiteElo "1044"]
[BlackElo "1326"]
[Opening "Two knights defense"]
[ECO "C56"]
[NIC "KP.02"]
[Time "18:49:29"]
[TimeControl "3600+10"]

1. e4 e5 2. Nf3 Nc6 3. Bc4 Nf6 4. d4 exd4 5. O-O Nxe4 6. Qe2 d5 7. Bd3 Qe7
8. c3 Bg4 9. h3 Bxf3 10. Qxf3 O-O-O 11. Qf5+ Kb8 12. Re1 g6 13. Qf3 f5 14.
Nd2 Bg7 15. Qd1 dxc3 16. bxc3 Bxc3 17. Rb1 Qc5 18. Re2 Na5 19. Rb5 Qc6 20.
Ba3 Bxd2 21. Rxd2 Nxd2 22. Qxd2 Nc4 23. Bxc4 dxc4 24. Qb4 Rd1+ 25. Kh2 Qd6+
26. Qxd6 cxd6 27. Bb2 Rc8 28. a4 c3 {White resigns} 0-1

[Event "ICC tourney 1954 (60 10)"]
[Site "Internet Chess Club"]
[Date "2020.08.09"]
[Round "9"]
[White "DanielYang99"]
[Black "meahulm"]
[Result "0-1"]
[ICCResult "White resigns"]
[WhiteElo "567"]
[BlackElo "977"]
[Opening "Giuoco Piano: Möller (Therkatz) attack"]
[ECO "C54"]
[NIC "IG.02"]
[Time "18:49:20"]
[TimeControl "3600+10"]

1. e4 e5 2. Nf3 Nc6 3. Bc4 Bc5 4. c3 Nf6 5. d4 exd4 6. cxd4 Bb4+ 7. Nc3 Nxe4
8. O-O Bxc3 9. d5 Ba5 10. dxc6 O-O 11. cxd7 Bxd7 12. Qd5 b5 13. Qxe4 bxc4
14. Qxc4 Bb6 15. b3 Qf6 16. Bg5 Qf5 17. Rad1 Bb5 18. Qh4 Bxf1 19. Rxf1 Rfe8
20. h3 Qe4 21. Qg3 Qg6 22. Bf4 Qxg3 23. Bxg3 Rad8 24. Bh4 f6 25. Bg3 Rd7 26.
Kh2 Re2 27. a4 Rb2 28. Ra1 Rxb3 29. a5 Bc5 30. Ra2 Bd6 31. Bxd6 Rxd6 32. Rc2
Rd7 33. Rc5 Rbd3 34. Rc4 R3d5 35. Ra4 Rc5 36. a6 Rc6 {White resigns} 0-1

[Event "ICC tourney 1954 (60 10)"]
[Site "Internet Chess Club"]
[Date "2020.08.09"]
[Round "9"]
[White "joeandjoe28"]
[Black "Chai2006"]
[Result "1-0"]
[ICCResult "Black checkmated"]
[WhiteElo "1390"]
[BlackElo "915"]
[Opening "French: Tarrasch, open, 4.ed ed"]
[ECO "C08"]
[NIC "FR.20"]
[Time "18:49:19"]
[TimeControl "3600+10"]

1. e4 e6 2. d4 d5 3. Nd2 c5 4. exd5 exd5 5. Bb5+ Nc6 6. Ngf3 a6 7. Bxc6+
bxc6 8. O-O Nf6 9. Re1+ Be7 10. Ne5 Qd6 11. Nb3 c4 12. Nc5 O-O 13. c3 Ne4
14. Nxe4 dxe4 15. Rxe4 Bb7 16. Re1 Rad8 17. Nxc4 Qc7 18. Qe2 Rd7 19. Qg4 f5
20. Qe2 c5 21. Qe6+ Kh8 22. Ne5 Rd6 23. Nf7+ Rxf7 24. Qxf7 Qc6 25. f3 Rg6
26. d5 Qa4 27. Qxe7 Bc6 28. Qf8# {Black checkmated} 1-0

[Event "ICC tourney 1954 (60 10)"]
[Site "Internet Chess Club"]
[Date "2020.08.09"]
[Round "9"]
[White "KanekiB"]
[Black "kkjrme"]
[Result "1-0"]
[ICCResult "Black resigns"]
[WhiteElo "1044"]
[BlackElo "1223"]
[Opening "Sicilian: Nimzovich-Rossolimo attack (with ...g6, without ...d6)"]
[ECO "B31"]
[NIC "SI.31"]
[Time "18:48:54"]
[TimeControl "3600+10"]

1. e4 c5 2. Nf3 Nc6 3. Bb5 g6 4. Bxc6 bxc6 5. O-O Bg7 6. d4 cxd4 7. Nxd4 Nf6
8. Nc3 O-O 9. e5 Ne8 10. Nxc6 Qc7 11. Nxe7+ Kh8 12. Bf4 Bxe5 13. Ncd5 Qd6
14. Bxe5+ Qxe5 15. Re1 Qg5 16. Qd4+ Ng7 17. f4 Qg4 18. Nf6 Qh4 19. g3 Qh3
20. Ne8 Rxe8 21. Nxg6+ hxg6 22. Rxe8+ Kh7 23. Re2 Ba6 24. c4 Nf5 25. Qxd7
Bxc4 26. Re4 Rb8 27. b3 Bb5 28. Qxf7+ Kh6 29. Qf6 Rc8 30. Re6 Qg4 31. a4
Nxg3 32. Qg5+ Qxg5 33. fxg5+ Kxg5 34. axb5 Nf5 35. Rxa7 Rb8 36. b6 Nd4 37.
Ra5+ Kh6 38. Rd6 Nxb3 39. Rb5 Nc1 40. b7 Ne2+ 41. Kf2 Nc3 42. Rb4 Na2 43.
Rbb6 Nc3 44. Rxg6+ Kh7 45. Rgc6 Nd5 46. Rc8 Rxc8 47. bxc8=Q Nxb6 48. Qc7+
{Black resigns}
1-0

[Event "ICC tourney 1954 (60 10)"]
[Site "Internet Chess Club"]
[Date "2020.08.09"]
[Round "9"]
[White "oxdidi"]
[Black "chakwo456"]
[Result "0-1"]
[ICCResult "White checkmated"]
[WhiteElo "1321"]
[BlackElo "1194"]
[Opening "Giuoco Pianissimo"]
[ECO "C55"]
[NIC "IG.01"]
[Time "18:49:29"]
[TimeControl "3600+10"]

1. e4 e5 2. Nf3 Nc6 3. Bc4 Nf6 4. d3 Bc5 5. c3 O-O 6. Nbd2 d6 7. h3 Be6 8.
Bb3 d5 9. exd5 Nxd5 10. Nf1 Nf6 11. Ng3 Re8 12. Bxe6 Rxe6 13. Nf5 e4 14.
dxe4 Rxe4+ 15. Be3 Bxe3 16. Nxe3 Nd5 17. Qd3 Re8 18. O-O-O Nxe3 19. fxe3 Qe7
20. Rhe1 Rad8 21. Qc2 Rxd1+ 22. Qxd1 Qf6 23. Qc2 Ne5 24. Nd4 Nc4 25. Qb3 Qf2
26. Re2 Qf1+ 27. Kc2 Nxe3+ 28. Kd2 Qf4 29. Kd3 c5 30. Nc2 c4+ 31. Qxc4 Qxc4+
32. Kd2 Qxe2+ 33. Kxe2 Nxc2+ 34. Kd2 Ne1 35. g3 Nf3+ 36. Kd3 g6 37. a4 Kg7
38. b4 Kf6 39. c4 Ke5 40. a5 Nd4 41. b5 Nxb5 42. cxb5 Kd5 43. b6 a6 44. g4
Kc5 45. g5 Kb5 46. Kd4 Kxa5 47. Kd5 Kxb6 48. Kd6 a5 49. Kd7 Re2 50. h4 a4
51. h5 gxh5 52. g6 hxg6 53. Kc8 a3 54. Kb8 a2 55. Kc8 a1=R 56. Kd7 Rd1+ 57.
Kc8 Rc2+ 58. Kb8 Rd8# {White checkmated} 0-1

[Event "ICC tourney 1954 (60 10)"]
[Site "Internet Chess Club"]
[Date "2020.08.09"]
[Round "9"]
[White "AD-chess"]
[Black "sskavin14"]
[Result "0-1"]
[ICCResult "White checkmated"]
[WhiteElo "1069"]
[BlackElo "931"]
[Opening "Queen's pawn game"]
[ECO "D04"]
[NIC "QP.08"]
[Time "18:49:05"]
[TimeControl "3600+10"]

1. d4 d5 2. Nf3 Nf6 3. e3 g6 4. b3 Nc6 5. Bb2 e6 6. Nbd2 Bg7 7. Bd3 a6 8.
O-O Bd7 9. c4 dxc4 10. bxc4 O-O 11. e4 Qe7 12. d5 Nb4 13. Bb1 c6 14. a3 c5
15. axb4 cxb4 16. Nb3 Rac8 17. d6 Qe8 18. c5 Rb8 19. Qd2 b6 20. Qxb4 bxc5
21. Qxc5 Rxb3 22. Qc2 Rb6 23. e5 Nd5 24. Bd4 Rc6 25. Qd3 Rc8 26. Qxa6 Bb5
27. Qa3 Bxf1 28. Kxf1 Bh6 29. Bd3 Nf4 30. Be4 Qb5+ 31. Kg1 Ne2+ 32. Kh1 Nxd4
33. Qa7 Qb2 34. h3 Nxf3 35. Bxf3 Bf4 36. d7 Rc1+ 37. Rxc1 Qxc1+ 38. Bd1
Qxd1# {White checkmated} 0-1

[Event "ICC tourney 1954 (60 10)"]
[Site "Internet Chess Club"]
[Date "2020.08.09"]
[Round "9"]
[White "QueeningPawn8"]
[Black "TigranJunior"]
[Result "0-1"]
[ICCResult "White checkmated"]
[WhiteElo "922"]
[BlackElo "1307"]
[Opening "Caro-Kann: Panov-Botvinnik attack"]
[ECO "B13"]
[NIC "CK.02"]
[Time "18:49:05"]
[TimeControl "3600+10"]

1. e4 c6 2. d4 d5 3. exd5 cxd5 4. c4 e6 5. cxd5 exd5 6. Nc3 Bb4 7. Qb3 Nc6
8. Nf3 Nf6 9. Bb5 Bxc3+ 10. Qxc3 Qb6 11. Bd3 Qb4 12. O-O O-O 13. a3 Qxc3 14.
bxc3 Bg4 15. Bg5 Ne4 16. Ne5 Nxe5 17. Be7 Rfe8 18. dxe5 Rxe7 19. f3 Nc5 20.
Bxh7+ Kxh7 21. fxg4 Rae8 22. Rf3 Rxe5 23. Rxf7 Nd3 24. Raf1 Re1 25. Rxe1
Rxe1+ 26. Rf1 Rxf1+ 27. Kxf1 g5 28. Ke2 Ne5 29. h3 Kg6 30. Ke3 Nc6 31. Kd3
Kf6 32. c4 Ke5 33. cxd5 Kxd5 34. Ke3 Ne5 35. g3 b5 36. Kd2 a5 37. Kc3 Kc5
38. h4 gxh4 39. gxh4 Nxg4 40. Kb3 Nh6 41. a4 b4 42. h5 Kd4 43. Kb2 Kc4 44.
Kc2 b3+ 45. Kb2 Kb4 46. Ka1 Kxa4 47. Kb2 Kb4 48. Ka1 Kc3 49. Kb1 a4 50. Ka1
a3 51. Kb1 a2+ 52. Ka1 b2+ 53. Kxa2 Kc2 54. Ka3 b1=Q 55. Ka4 Kc3 56. Ka5 Kc4
57. Ka6 Kc5 58. Ka7 Kc6 59. Ka8 Qb7# {White checkmated} 0-1

[Event "ICC tourney 1954 (60 10)"]
[Site "Internet Chess Club"]
[Date "2020.08.09"]
[Round "9"]
[White "dtoledo"]
[Black "stanwang"]
[Result "0-1"]
[ICCResult "White resigns"]
[WhiteElo "1107"]
[BlackElo "1397"]
[Opening "King's Indian: 6.Be2"]
[ECO "E91"]
[NIC "KI.19"]
[Time "18:49:22"]
[TimeControl "3600+10"]

1. d4 Nf6 2. c4 g6 3. Nc3 Bg7 4. Nf3 O-O 5. e4 d6 6. Be2 Nbd7 7. O-O c5 8.
d5 Nb6 9. h3 Re8 10. Bf4 e6 11. Qc2 Nh5 12. Bh2 Bxc3 13. bxc3 Nf6 14. Rfe1
exd5 15. exd5 Bf5 16. Bd3 Bxd3 17. Qxd3 Qd7 18. Qd2 Kg7 19. Qf4 Rad8 20. g4
Na4 21. Rxe8 Qxe8 22. Re1 Qd7 23. Re3 b5 24. Ng5 bxc4 25. Rf3 Nxd5 26. Qxf7+
Qxf7 27. Rxf7+ Kg8 28. Rxh7 Naxc3 29. Rxa7 Nb5 30. Ra4 c3 31. Rc4 Ra8 32. a4
Na3 33. Re4 c2 34. Re1 Nb4 35. Bf4 Nd3 36. Ra1 Nxf4 37. Rxa3 c1=Q+
{White resigns}
0-1

[Event "ICC tourney 1954 (60 10)"]
[Site "Internet Chess Club"]
[Date "2020.08.09"]
[Round "9"]
[White "Siritnt"]
[Black "ronTic"]
[Result "0-1"]
[ICCResult "White checkmated"]
[WhiteElo "924"]
[BlackElo "1189"]
[Opening "Ruy Lopez: exchange variation, Alapin gambit"]
[ECO "C68"]
[NIC "RL.08"]
[Time "18:49:29"]
[TimeControl "3600+10"]

1. e4 e5 2. Nf3 Nc6 3. Bb5 a6 4. Bxc6 dxc6 5. O-O Bg4 6. h3 h5 7. Nc3 Qf6 8.
d3 Bd6 9. Bg5 Bxf3 10. Qxf3 Qxg5 11. Rad1 Ne7 12. a3 Bc5 13. b4 Ba7 14. Ne2
O-O-O 15. c3 f5 16. Qg3 Qf6 17. Kh1 f4 18. Qf3 g5 19. Nc1 g4 20. Qe2 f3 21.
gxf3 Qh4 22. Rg1 Qxh3# {White checkmated} 0-1

[Event "ICC tourney 1954 (60 10)"]
[Site "Internet Chess Club"]
[Date "2020.08.09"]
[Round "9"]
[White "DiamondUnicorn"]
[Black "janeff1110"]
[Result "1/2-1/2"]
[ICCResult "Game drawn because neither player has mating material"]
[WhiteElo "515"]
[BlackElo "934"]
[Opening "Giuoco Pianissimo"]
[ECO "C50"]
[NIC "IG.02"]
[Time "18:48:41"]
[TimeControl "3600+10"]

1. e4 e5 2. Nf3 Nc6 3. Bc4 Bc5 4. d3 Nf6 5. O-O d6 6. h3 h6 7. Be3 Bb6 8.
Nc3 Be6 9. Bb3 O-O 10. Qd2 Bxe3 11. fxe3 d5 12. exd5 Nxd5 13. Nxd5 Bxd5 14.
e4 Bxb3 15. axb3 Re8 16. Nh2 Qd4+ 17. Qf2 Qxb2 18. Qxf7+ Kh8 19. Qxc7 Qxc2
20. Qxb7 Qc5+ 21. Kh1 Reb8 22. Qf7 Qb5 23. Qc4 Qxc4 24. bxc4 Rb3 25. Rf3 Nb4
26. d4 Rxf3 27. Nxf3 exd4 28. Nxd4 Rc8 29. Rc1 Nd3 30. Rc3 Nf2+ 31. Kh2 Nxe4
32. Rc2 a5 33. Ne6 a4 34. c5 Rc6 35. Nf4 Rxc5 36. Ra2 Ra5 37. Nd3 a3 38. Nb4
Nc3 39. Ra1 a2 40. Kg3 Ne2+ 41. Kf3 Nd4+ 42. Ke3 Nb3 43. Rxa2 Rxa2 44. Nxa2
Kh7 45. Nc3 Kg6 46. Ne4 Kf5 47. Nd6+ Ke5 48. Nc4+ Kf5 49. g4+ Kg5 50. Kf3
Kh4 51. Kg2 Nd4 52. Ne5 h5 53. gxh5 Kxh5 54. Kg3 Nf5+ 55. Kf4 Nd4 56. Kg3 g5
57. Nf3 Nxf3 58. Kxf3 Kh4 59. Kg2 Kh5 60. Kg3 Kg6 61. Kg4 Kh6 62. h4 gxh4
63. Kxh4 {Game drawn because neither player has mating material} 1/2-1/2

[Event "ICC tourney 1954 (60 10)"]
[Site "Internet Chess Club"]
[Date "2020.08.09"]
[Round "9"]
[White "karmapillai"]
[Black "Rishid7"]
[Result "0-1"]
[ICCResult "White checkmated"]
[WhiteElo "1038"]
[BlackElo "896"]
[Opening "Ruy Lopez: old Steinitz defense"]
[ECO "C62"]
[NIC "RL.02"]
[Time "18:48:37"]
[TimeControl "3600+10"]

1. e4 e5 2. Nf3 Nc6 3. Bb5 d6 4. O-O Bg4 5. h3 Bh5 6. Nc3 Qd7 7. Be2 Nf6 8.
d3 Be7 9. Be3 O-O-O 10. a3 a6 11. b4 b5 12. Na2 h6 13. c3 d5 14. exd5 Nxd5
15. Bd2 Bg6 16. c4 Nf4 17. Bxf4 exf4 18. Nc1 Bf6 19. Ra2 Rhe8 20. cxb5 axb5
21. Rd2 Nd4 22. Nxd4 Qxd4 23. Qb3 h5 24. Rfd1 Bg5 25. Bf3 Re7 26. Kf1 Rde8
27. a4 Qe5 28. Ne2 bxa4 29. Qxa4 Re6 30. Rc1 Qd6 31. b5 Bxd3 32. Qa8+ Kd7
33. Bc6+ Ke7 34. Bxe8 f3 35. gxf3 Bxd2 36. Rc6 Bxe2+ 37. Kg2 Rg6+ 38. Kh1
Bxf3# {White checkmated} 0-1

[Event "ICC tourney 1954 (60 10)"]
[Site "Internet Chess Club"]
[Date "2020.08.09"]
[Round "9"]
[White "edikiscool"]
[Black "alphablitz"]
[Result "1/2-1/2"]
[ICCResult "Game drawn by mutual agreement"]
[WhiteElo "895"]
[BlackElo "722"]
[Opening "Ruy Lopez: old Steinitz defense"]
[ECO "C62"]
[NIC "RL.02"]
[Time "18:49:24"]
[TimeControl "3600+10"]

1. e4 e5 2. Nf3 Nc6 3. Bb5 d6 4. O-O Bd7 5. c3 Nf6 6. Re1 a6 7. Bc4 b5 8.
Bb3 Be7 9. d4 O-O 10. Bg5 Bg4 11. d5 Na7 12. Nbd2 h6 13. Bh4 a5 14. Bc2 a4
15. b3 axb3 16. axb3 Qb8 17. c4 bxc4 18. bxc4 Nc8 19. Qb1 Qxb1 20. Rexb1
Rxa1 21. Rxa1 Nb6 22. Ra7 Rc8 {Game drawn by mutual agreement} 1/2-1/2

[Event "ICC tourney 1954 (60 10)"]
[Site "Internet Chess Club"]
[Date "2020.08.09"]
[Round "9"]
[White "agrimjax1"]
[Black "kd9junior"]
[Result "0-1"]
[ICCResult "White resigns"]
[WhiteElo "1241"]
[BlackElo "1302"]
[Opening "Sicilian: dragon variation"]
[ECO "B70"]
[NIC "SI.15"]
[Time "18:49:42"]
[TimeControl "3600+10"]

1. e4 c5 2. Nf3 d6 3. d4 cxd4 4. Nxd4 Nf6 5. Nc3 g6 6. Bb5+ Bd7 7. Bxd7+
Qxd7 8. f4 Bg7 9. Nf3 O-O 10. O-O Nc6 11. Qe1 Rac8 12. Be3 a6 13. Qf2 Ng4
14. Qe2 Nxe3 15. Qxe3 Nb4 16. Qd2 Qc7 17. a3 Bxc3 18. bxc3 Nc6 19. f5 Ne5
20. Qh6 Nxf3+ 21. Rxf3 Qc5+ 22. Kh1 Qe5 23. f6 exf6 24. Rh3 Rfe8 25. Qxh7+
Kf8 26. Rb1 Qxe4 27. Qh4 Qxc2 28. Qh6+ Ke7 29. Qe3+ Kd7 30. Qg1 Rxc3 31.
Rxc3 Qxc3 32. Rxb7+ Kc8 33. Rb1 Qa5 34. Qc1+ Kd7 35. Rb7+ Ke6 36. Qe3+ Qe5
37. Qh3+ f5 38. Rb1 Kd7 39. Qh4 Qe4 40. Qxe4 Rxe4 41. h3 Ra4 42. Rb7+ Ke6
43. Rb3 Kd5 44. Rd3+ Kc5 45. Rc3+ Rc4 46. Re3 Ra4 47. Rc3+ Kd4 48. Rc7 Rxa3
49. Rxf7 a5 50. Rf6 Ke5 51. Rxg6 a4 52. Rg8 Ra1+ 53. Kh2 a3 54. Ra8 a2 55.
Kg3 d5 56. h4 d4 57. h5 d3 58. h6 Rh1 59. Rxa2 Rxh6 60. Rd2 Kd4 61. Kf4 Kc3
62. Ra2 Rd6 63. Kxf5 d2 64. Rxd2 Rxd2 65. g4 Rf2+ 66. Kg6 Kd4 67. g5 Ke5 68.
Kg7 Rg2 69. g6 Ke6 70. Kh7 Kf6 71. g7 Rxg7+ 72. Kh8 Ra7 73. Kg8 Rb7 74. Kh8
Kg6 {White resigns} 0-1

[Event "ICC tourney 1954 (60 10)"]
[Site "Internet Chess Club"]
[Date "2020.08.09"]
[Round "9"]
[White "Rhinoguy"]
[Black "ChemStud24"]
[Result "1-0"]
[ICCResult "Black checkmated"]
[WhiteElo "1200"]
[BlackElo "1327"]
[Opening "Sicilian: Alapin's variation (2.c3)"]
[ECO "B22"]
[NIC "SI.46"]
[Time "18:49:29"]
[TimeControl "3600+10"]

1. e4 c5 2. c3 d6 3. d4 cxd4 4. cxd4 Nf6 5. Nc3 g6 6. Nf3 Bg7 7. Bc4 e6 8.
O-O O-O 9. Bg5 Qc7 10. Bd3 Nbd7 11. Rc1 Qb6 12. Nb5 Ne8 13. Be7 a6 14. Bxf8
Kxf8 15. Nc3 Qxb2 16. Qb3 Qxb3 17. axb3 b5 18. Rfe1 Bb7 19. d5 Bxc3 20. Rxc3
exd5 21. exd5 Bxd5 22. Be4 Bxe4 23. Rxe4 Nc5 24. Rf4 Nc7 25. Ng5 f5 26. Rd4
h6 27. Rxd6 Re8 28. h3 hxg5 29. Rxc5 Ne6 30. Re5 Kf7 31. Rxa6 Nd4 32. Rxe8
Kxe8 33. Rxg6 Nxb3 34. Rxg5 Nd4 35. Rg8+ Ke7 36. h4 b4 37. h5 b3 38. h6 Kf7
39. h7 b2 40. Rb8 b1=Q+ 41. Rxb1 Kg7 42. Rb7+ Kh8 43. Kh2 Ne6 44. Kg3 Ng5
45. Kf4 Nxh7 46. Rxh7+ Kxh7 47. Kxf5 Kg7 48. g4 Kf7 49. g5 Kg7 50. g6 Kg8
51. Kf6 Kf8 52. g7+ Kg8 53. f4 Kh7 54. Kf7 Kh6 55. g8=Q Kh5 56. Qg5#
{Black checkmated}
1-0

[Event "ICC tourney 1954 (60 10)"]
[Site "Internet Chess Club"]
[Date "2020.08.09"]
[Round "9"]
[White "PirateKing"]
[Black "CajunWyoCowboy"]
[Result "0-1"]
[ICCResult "White resigns"]
[WhiteElo "849"]
[BlackElo "1274"]
[Opening "Queen's pawn: London system"]
[ECO "A45"]
[NIC "QP.07"]
[Time "18:49:19"]
[TimeControl "3600+10"]

1. d4 Nf6 2. Bf4 Nc6 3. e3 e6 4. h3 d5 5. Bd3 Bd6 6. Bxd6 Qxd6 7. Nf3 O-O 8.
Nbd2 e5 9. dxe5 Nxe5 10. O-O Nxd3 11. cxd3 Bf5 12. d4 Bd3 13. Re1 Nd7 14.
Nb3 Ba6 15. Qc2 b6 16. Ng5 g6 17. e4 f6 18. e5 fxe5 19. dxe5 Nxe5 20. Nf3
Nxf3+ 21. gxf3 Bc8 22. h4 Rxf3 23. Re8+ Rf8 24. Rxf8+ Kxf8 25. Qc3 Kg8 26.
Re1 Bd7 27. Qf3 Rf8 28. Qg3 Qxg3+ 29. fxg3 Rf7 30. Kg2 c5 31. Re5 d4 32. Rg5
d3 33. Nd2 Bc6+ 34. Kh3 Rf2 35. Nc4 d2 36. Nxd2 Rxd2 37. h5 Rd5 38. Rxd5
Bxd5 39. a3 gxh5 40. Kh4 Bf7 41. Kg5 Kg7 42. Kf4 Kg6 43. Kf3 Kg5 44. Kg2 Kg4
45. Kh2 b5 46. Kg2 a5 47. Kf2 b4 48. axb4 c4 49. b5 a4 50. b6 Bd5 51. Ke3 c3
52. bxc3 a3 53. c4 Bb7 54. c5 a2 55. c6 Bxc6 56. b7 Bxb7 57. Kd3 a1=Q 58.
Kc4 Kxg3 59. Kc5 Qc1+ 60. Kb6 Qc6+ 61. Ka5 Qc5+ 62. Ka4 Bc6+ 63. Kb3 h4 64.
Kb2 h3 65. Ka2 h2 66. Kb3 Bd5+ 67. Ka4 Qc2+ 68. Ka5 h1=Q 69. Kb6 Qhb1+
{White resigns}
0-1

[Event "ICC tourney 1954 (60 10)"]
[Site "Internet Chess Club"]
[Date "2020.08.09"]
[Round "9"]
[White "worldcupgirl"]
[Black "nguyencaptures"]
[Result "1-0"]
[ICCResult "Black checkmated"]
[WhiteElo "1381"]
[BlackElo "1126"]
[Opening "Scotch game"]
[ECO "C45"]
[NIC "SO.05"]
[Time "18:49:17"]
[TimeControl "3600+10"]

1. e4 e5 2. Nf3 Nc6 3. d4 exd4 4. Nxd4 Bc5 5. Nxc6 bxc6 6. Bd3 Nf6 7. O-O
O-O 8. e5 Nd5 9. c4 Nb6 10. Nc3 Re8 11. Bf4 d6 12. exd6 Bxd6 13. Bxd6 cxd6
14. Ne4 d5 15. cxd5 cxd5 16. Nc3 Be6 17. Re1 h6 18. Rc1 Qg5 19. Be2 Rac8 20.
Nb5 Rxc1 21. Qxc1 Qxc1 22. Rxc1 Bd7 23. Bd3 Nc4 24. Nc7 Re5 25. f4 Rh5 26.
Bxc4 dxc4 27. Rxc4 a5 28. h3 Kf8 29. Rc3 Ke7 30. g4 Rh4 31. Nd5+ Kd6 32. Ne3
g6 33. Ng2 g5 34. Nxh4 gxh4 35. Ra3 Kc5 36. Rxa5+ Kd4 37. Rh5 Ke4 38. Rxh6
Kxf4 39. Rxh4 Kg5 40. Rh8 Be6 41. a4 Bc4 42. b4 Kf6 43. b5 Ke7 44. b6 Bd5
45. a5 Kd7 46. Rh5 Be4 47. Rb5 Kc8 48. Rb2 Kb7 49. h4 Ka6 50. h5 Bd5 51. h6
Be4 52. g5 Kb7 53. Kf2 Bg6 54. Ke3 Bh7 55. Kd4 Bg6 56. Kc5 Bh7 57. Kd6 Bg6
58. Ke7 Kb8 59. a6 Ka8 60. b7+ Kb8 61. a7+ Kc7 62. b8=Q+ Kc6 63. a8=Q+ Kc5
64. Qc7+ Kd4 65. Qa4+ Kd3 66. Qd6+ Ke3 67. Rb3+ Ke2 68. Qa2+ Ke1 69. Qe5+
Kf1 70. Qea1+ Bb1 71. Q1xb1# {Black checkmated} 1-0